 Dungeon Crawl Stone Soup version 0.27-a0-1334-g2746e35aca (webtiles) character file.

Game seed: 7464028405412090642

2481 raph the Geomancer (level 9, -1/49 HPs)
             Began as a Gargoyle Earth Elementalist on June 26, 2021.
             Was a Follower of Sif Muna.
             Shot with an arrow by a centaur (9 damage)
             ... on level 8 of the Dungeon.
             The game lasted 00:18:43 (9284 turns).

raph the Geomancer (Gargoyle Earth Elementalist)    Turns: 9284, Time: 00:18:44

Health: -1/49      AC: 12    Str: 12    XL:     9   Next: 51%
Magic:  13/13      EV: 11    Int: 19    God:    Sif Muna [*.....]
Gold:   549        SH:  0    Dex: 10    Spells: 3/14 levels left

rFire    . . .     SeeInvis .   j - +2 mace (vorpal)
rCold    + . .     Faith    .   (no shield)
rNeg     + + .     Spirit   .   x - +0 acid dragon scales
rPois    ∞         Reflect  .   (no helmet)
rElec    +         Harm     .   (no cloak)
rCorr    +         Rampage  .   (no gloves)
Will     .....                  (no boots)
Stlth    ++........             (no amulet)
HPRegen  0.16/turn              k - ring of positive energy
MPRegen  0.13/turn              p - ring of protection from cold

@: no status effects
A: sickness immunity, AC +6, negative energy resistance 1, electricity
resistance, torment resistance 1, petrification resistance
a: Renounce Religion, Channel Magic


You were on level 8 of the Dungeon.
You worshipped Sif Muna.
Sif Muna was aware of your devotion.
You visited 1 branch of the dungeon, and saw 8 of its levels.
You also visited: Ossuary.

You collected 723 gold pieces.
You spent 174 gold pieces at shops.

Inventory:

Hand Weapons
 d - a +0 short sword
 j - a +2 vorpal mace (weapon)
Missiles
 a - 27 poisoned darts
 c - 110 stones
Armour
 b - a +0 robe
 l - a +1 cloak
 x - +0 acid dragon scales (worn)
Jewellery
 k - a ring of positive energy (left hand)
 p - a ring of protection from cold (right hand)
 r - a ring of flight
Wands
 t - a wand of charming (2)
 u - a wand of acid (9)
Scrolls
 s - 3 scrolls of magic mapping
 y - a scroll of enchant armour
Potions
 e - a potion of cancellation
 f - a potion of flight
 g - a potion of invisibility
 h - 2 potions of lignification
 m - 3 potions of ambrosia {unknown}
 n - 3 potions of mutation
 o - a potion of brilliance
 v - 2 potions of attraction {unknown}
 w - 5 potions of curing {unknown}
 z - a potion of degeneration {unknown}


   Skills:
 + Level 2.7 Fighting
 + Level 2.9 Dodging
 + Level 4.0 Stealth
 + Level 3.2 Spellcasting
 - Level 0.7 Transmutations
 + Level 12.8 Earth Magic
 + Level 2.9 Invocations


You had 3 spell levels left.
You knew the following spells:

 Your Spells              Type           Power      Damage    Failure   Level
a - Sandblast             Erth           100%       2d20      1%          1
b - Passwall              Tmut/Erth      23%        N/A       1%          2
c - Stone Arrow           Conj/Erth      54%        3d10      4%          3
d - Lee's Rapid Deconstr  Erth           25%        3d15*     3%          5

Your spell library contained the following spells:

 Spells                   Type           Power      Damage    Failure   Level
 Beastly Appendage        Tmut           10%        N/A       17%         1
 Apportation              Tloc           6%         N/A       22%         1
 Corona                   Hex            3%         N/A       22%         1
 Magic Dart               Conj           12%        1d3       22%         1
 Wereblood                Tmut           5%         N/A       26%         2
 Blink                    Tloc           N/A        N/A       34%         2
 Call Imp                 Summ           3%         N/A       34%         2
 Slow                     Hex            3%         N/A       34%         2
 Spider Form              Tmut/Pois      2%         N/A       52%         3
 Conjure Flame            Conj/Fire      3%         6-21      56%         3
 Inner Flame              Hex/Fire       3%         N/A       56%         3
 Mephitic Cloud           Conj/Pois/Air  3%         N/A       56%         3
 Portal Projectile        Hex/Tloc       6%         N/A       56%         3
 Petrify                  Tmut/Erth      28%        N/A       14%         4
 Leda's Liquefaction      Hex/Erth       13%        N/A       16%         4
 Ice Form                 Ice/Tmut       4%         N/A       89%         4
 Cause Fear               Hex            1%         N/A       92%         4


Dungeon Overview and Level Annotations

Branches:
Dungeon (7/15)             Temple (0/1) D:4            Lair (0/6) D:8
Ossuary (visited)

Altars:
Gozag
Makhleb
Sif Muna
Uskayaw
Xom
Yredelemnul

Shops:
D:3 (?

Annotations:
D:6 Grinder


Innate Abilities, Weirdness & Mutations

You are immune to sickness and miasma.
Your stone body is resilient. (AC +6)
You are immune to poison.
You resist negative energy. (rN+)
You are resistant to electric shocks. (rElec)
You are resistant to unholy torment.
You are immune to petrification.


Message History

The acid corrodes the two-headed ogre!
The two-headed ogre is moderately wounded.
The bolt of acid misses the killer bee zombie.
The bolt of acid hits the centaur zombie!
The centaur zombie is splashed with acid!
The centaur zombie is heavily damaged.
Unknown command.
The two-headed ogre hits you with a +0 giant club!
* * * LOW HITPOINT WARNING * * *
The two-headed ogre misses you.
You feel much better.
An orc and 2 orc wizards come into view.
The orc is wielding a +0 dagger of holy wrath.
The warg howls!
You see here a +0 dagger.
As you read the scroll of teleportation, it crumbles to dust.
You feel strangely unstable.
The orc wizard shouts!
The two-headed ogre hits you with a +0 giant club!!
* * * LOW HITPOINT WARNING * * *
The two-headed ogre hits you but does no damage.
The orc shouts!
The orc wizard mumbles some strange words.
The orc wizard flickers and vanishes!
The two-headed ogre is no longer covered in acid.
The orc wizard hits you but does no damage.
A magic dart appears from out of thin air!
The magic dart hits you!
* * * LOW HITPOINT WARNING * * *
Your surroundings suddenly seem different.
The orc wizard shouts!
A centaur comes into view.
The centaur shouts!
The warg howls!
The warg bites you but does no damage.
The orc wizard gestures at you while chanting.
You easily resist.
Okay, then.
The warg bites you but does no damage.
The centaur wields a +0 shortbow.
The centaur shoots an arrow.
The arrow hits you!
You die...

## ..# ..# ...##
##########...o.
##.....#..c.....
##.!...........##
#>.........)...$#
#..?.....@h.....#
#...............#
#...h...........#.##
#............###...#
##...........##.....
##)....#$...#......
#########.##.)..P.
###.#..o....
#.$.h.oho...


You could see 2 wargs, a centaur and an orc wizard.

Vanquished Creatures
  A two-headed ogre (D:8)
  Maggie (D:6)
  Prince Ribbit (D:7)
  Menkaure (D:6)
  A sky beast (D:6)
  A necrophage (D:7)
  2 ogres
  Blork the orc (D:6)
  A bullfrog (D:6)
  A killer bee (D:7)
  A howler monkey (D:5)
  A bullfrog zombie (D:5)
  3 centaur zombies
  2 hounds (D:4)
  A centaur skeleton (D:7)
  An orc priest (D:4)
  7 orc wizards
  A killer bee zombie (D:6)
  7 mummies (Ossuary)
  A howler monkey skeleton (D:7)
  3 adders
  A white imp (D:7)
  4 ufetubi
  An adder skeleton (D:4)
  2 worms
  4 dart slugs
  22 orcs
  2 bats (D:1)
  8 endoplasms
  4 giant cockroaches
  10 goblins
  6 hobgoblins
  8 jackals
  2 quokkas
  11 ball pythons
  A frilled lizard (D:3)
  4 hobgoblin zombies (Ossuary)
  4 kobolds
  A kobold zombie (Ossuary)
  3 orc zombies (Ossuary)
  3 rats
140 creatures vanquished.

Vanquished Creatures (collateral kills)
  A mummy (Ossuary)
  A toadstool (D:3)
2 creatures vanquished.

Vanquished Creatures (others)
  10 fungi (D:3)
  2 plants (D:8)
  2 toadstools (D:3)
14 creatures vanquished.

Grand Total: 156 creatures vanquished

Notes
Turn   | Place    | Note
-------+----------+-------------------------------------------
     0 | D:1      | raph the Gargoyle Earth Elementalist began the quest for
                  | the Orb.
     0 | D:1      | Reached XP level 1. HP: 10/10 MP: 3/3
   140 | D:1      | Reached skill level 4 in Earth Magic
   149 | D:1      | Reached XP level 2. HP: 9/15 MP: 5/5
   937 | D:1      | Reached skill level 5 in Earth Magic
   937 | D:1      | Reached XP level 3. HP: 19/19 MP: 6/6
   940 | D:1      | Learned a level 2 spell: Passwall
   944 | D:1      | Learned a level 3 spell: Stone Arrow
  1812 | D:2      | Found a faded altar of an unknown god.
  2110 | D:2      | Reached XP level 4. HP: 24/24 MP: 5/7
  2370 | D:3      | Reached skill level 6 in Earth Magic
  2685 | D:3      | Found Meolieta's Weapon Shop.
  2754 | D:3      | Found Ygrexuf's Magic Scroll Shoppe.
  2762 | D:3      | Bought a scroll of teleportation for 36 gold pieces
  2762 | D:3      | Bought a scroll of identify for 24 gold pieces
  2762 | D:3      | Bought a scroll of identify for 24 gold pieces
  2762 | D:3      | Bought a scroll of identify for 24 gold pieces
  2762 | D:3      | Bought a scroll of identify for 24 gold pieces
  2762 | D:3      | Bought a scroll of magic mapping for 42 gold pieces
  3284 | D:3      | Reached XP level 5. HP: 28/28 MP: 4/8
  3569 | D:3      | Found a shimmering blue altar of Sif Muna.
  3573 | D:3      | Became a worshipper of Sif Muna the Loreminder
  3582 | D:3      | Reached skill level 7 in Earth Magic
  3710 | D:3      | Identified Sif Muna's Almanac of Displacement
  4350 | D:4      | Reached XP level 6. HP: 32/32 MP: 7/9
  4487 | D:4      | Reached skill level 8 in Earth Magic
  4541 | D:4      | Found a staircase to the Ecumenical Temple.
  5011 | D:5      | Entered Level 5 of the Dungeon
  5070 | D:5      | Reached skill level 9 in Earth Magic
  5287 | D:5      | Reached XP level 7. HP: 34/36 MP: 6/10
  5452 | D:5      | Found a sand-covered staircase.
  5469 | Ossuary  | Entered an ossuary
  5475 | Ossuary  | Reached * piety under Sif Muna
  5743 | Ossuary  | Reached skill level 10 in Earth Magic
  5890 | D:5      | Found a basalt altar of Yredelemnul.
  6309 | D:6      | Noticed Menkaure
  6312 | D:6      | Killed Menkaure
  6648 | D:6      | Noticed Blork the orc
  6655 | D:6      | Killed Blork the orc
  6656 | D:6      | Reached skill level 11 in Earth Magic
  6656 | D:6      | Reached XP level 8. HP: 37/41 MP: 1/11
  7348 | D:6      | Noticed Maggie
  7355 | D:6      | Killed Maggie
  7356 | D:6      | Reached skill level 12 in Earth Magic
  7807 | D:6      | Learned a level 5 spell: Lee's Rapid Deconstruction
  7934 | D:6      | Noticed Grinder
  8036 | D:6      | Paralysed by Grinder for 7 turns
  8256 | D:7      | Noticed Prince Ribbit
  8258 | D:7      | Killed Prince Ribbit
  8259 | D:7      | Reached skill level 1 in Fighting
  8259 | D:7      | Reached skill level 1 in Invocations
  8588 | D:7      | Found a burning altar of Makhleb.
  8611 | D:7      | Found an opulent altar of Gozag.
  8615 | D:7      | Reached XP level 9. HP: 47/47 MP: 6/12
  8795 | D:7      | Found a shimmering altar of Xom.
  8964 | D:7      | Found a hide-covered altar of Uskayaw.
  8964 | D:7      | You fall into a shaft and drop 1 floor!
  8964 | D:8      | Found a staircase to the Lair.
  9078 | D:8      | Noticed a two-headed ogre
  9083 | D:8      | Killed a two-headed ogre
  9183 | D:8      | Noticed a two-headed ogre
  9271 | D:8      | HP: 1/49 [two-headed ogre (9)]
  9284 | D:8      | Shot with an arrow by a centaur

Illustrated notes

Levels and vault maps discovered:
D:1:      dpeg_arrival_leaves_temple_mockup, layout_loops_ring,
          chequers_serial_rivers_marsh, st_stairs_2
D:2:      layout_basic, ebering_ecumenical_altar_mist
D:3:      kennysheep_six_static_rooms, layout_rooms, led_sif_book, serial_shops,
          nicolae_shop_trees, shop, minmay_gold_behind_fungi,
          roderic_serpentine_path, chequers_serial_rivers_micro_e
D:4:      layout_basic, minmay_temple_entry_from_below_a, serial_corexii_hall,
          corexii_hall_statues_u, corexii_hall_statues_l,
          corexii_hall_statues_l, minmay_box_of_dots
D:5:      layout_basic, yredelemnul_altar_generic, chequers_ossuary_entry_cave,
          interstate_on_off, chequers_jeans
D:6:      layout_layer_cave, minmay_misc_feat_chi, uniq_maggie, uniq_grinder,
          uniq_blork_the_orc, uniq_menkaure
D:7:      layout_loops_ring, old_standard_altar, eat_drink_and_be_merry_uskayaw,
          tgw_xom, overflow_temple_1_default, cheibrodos_worm_habitat,
          uniq_prince_ribbit1
D:8:      minmay_opposing_rooms, layout_rooms, erik_lair_orcish_takeover,
          kennysheep_small_square

Skill      XL: |  1  2  3  4  5  6  7  8  9 |
---------------+----------------------------+-----
Earth Magic    | 4 5 6 7 9 11 12 | 12.8
Fighting       | 1 2 |  2.7
Invocations    | 1 2 |  2.9
Dodging        | 2 |  2.9
Stealth        | 4 |  4.0
Spellcasting   | 3 |  3.2
Transmutations | |  0.7

Action                   |  1- 3 |  4- 6 |  7- 9 || total
-------------------------+-------+-------+-------++-------
Melee: Short sword       |    58 |     7 |       ||    65
       Mace              |       |    47 |    29 ||    76
 Cast: Sandblast         |    33 |    69 |    72 ||   174
       Stone Arrow       |       |     2 |    14 ||    16
       Passwall          |       |     2 |     3 ||     5
       Lee's Rapid Decon |       |       |     8 ||     8
Evoke: Wand              |       |       |     4 ||     4
  Use: Scroll            |       |    13 |     5 ||    18
       Potion            |       |       |     2 ||     2
 Stab: Sleeping          |     2 |       |       ||     2
Armor: Robe              |    29 |    40 |    21 ||    90
       Acid dragon scale |       |       |    27 ||    27
Dodge: Dodged            |    55 |    63 |    37 ||   155

Table legend: (Time is in decaauts)
 A = Elapsed time spent in this place.
 B = Non-inter-level travel time spent in this place.
 C = Inter-level travel time spent in this place.
 D = Time resting spent in this place.
 E = Time spent auto-exploring this place.
 F = Levels seen in this place.
 G = Mean time per level.
                   A        B        C        D        E       F      G
               +--------+--------+--------+--------+--------+-----+--------+
         Total |   9329 |   9125 |    204 |   3733 |   3953 |   9 | 1036.6 |
       Dungeon |   8923 |   8719 |    204 |   3505 |   3886 |   8 | 1115.4 |
       Ossuary |    405 |    405 |      0 |    228 |     67 |   1 |  405.0 |
               +--------+--------+--------+--------+--------+-----+--------+

Top non-repeatable levels by time:
     D:3: 1723 daAuts
     D:6: 1692 daAuts
     D:1: 1301 daAuts
     D:5: 1141 daAuts
     D:2: 1051 daAuts
     D:4: 959 daAuts
     D:7: 731 daAuts
 Ossuary: 405 daAuts
     D:8: 323 daAuts
